[Event "17th Memorial Lezcano Montalvo 2025"]
[Site "Gran Canaria"]
[Date "2025.04.20"]
[Round "9.23"]
[White "Matnadze Bujiashvili, Ann"]
[Black "de Leon Navarro, Claudio"]
[Result "1-0"]
[Annotator "ChessBase"]
[ECO "E06"]
[WhiteElo "2329"]
[BlackElo "1918"]
[PlyCount "45"]
[EventDate "2025.04.13"]
[EventType "swiss"]
[EventCountry "ESP"]
[SourceTitle "playchess.com"]
[Source "ChessBase"]
[SourceQuality "1"]
[TimeControl "5400+30"]

1. d4 Nf6 2. Nf3 e6 3. c4 d5 4. g3 Be7 5. Bg2 O-O 6. Nc3 c6 7. O-O b6 8. a4 Ba6 9. Ne5 Qc8 10. Bf4 Nbd7 11. Rc1 Qb7 12. cxd5 cxd5 13. Nb5 Bxb5 14. axb5 Nxe5 15. Bxe5 Rac8 16. Qa4 Rxc1 17. Rxc1 Rc8 18. Rc6 g5 19. Qc2 Rxc6 20. Qxc6 Qd7 21. Bxf6 Qxc6 22. bxc6 Bxf6 23. c7 1-0

[Event "17th Memorial Lezcano Montalvo 2025"]
[Site "Gran Canaria"]
[Date "2025.04.20"]
[Round "9.24"]
[White "Ramos Santana, Marcelino"]
[Black "Hernando Rodrigo, Jose Maria"]
[Result "0-1"]
[Annotator "ChessBase"]
[ECO "B72"]
[WhiteElo "1903"]
[BlackElo "2256"]
[PlyCount "56"]
[EventDate "2025.04.13"]
[EventType "swiss"]
[EventCountry "ESP"]
[SourceTitle "playchess.com"]
[Source "ChessBase"]
[SourceQuality "1"]
[TimeControl "5400+30"]

1. e4 d6 2. d4 Nf6 3. Nc3 g6 4. Nf3 Bg7 5. h3 c5 6. Be3 cxd4 7. Nxd4 O-O 8. Be2 Nc6 9. Qd2 Bd7 10. h4 h5 11. O-O-O Rc8 12. f3 Ne5 13. g4 hxg4 14. h5 gxf3 15. h6 fxe2 16. hxg7 exd1=Q+ 17. Kxd1 Kxg7 18. Bh6+ Kg8 19. Nd5 Nxd5 20. exd5 Nc4 21. Qh2 Nxb2+ 22. Kc1 Nd3+ 23. Kb1 Qb6+ 24. Nb3 Qf2 25. Bxf8 Qxh2 26. Rxh2 Kxf8 27. cxd3 Bf5 28. Rd2 Rc3 0-1

[Event "17th Memorial Lezcano Montalvo 2025"]
[Site "Gran Canaria"]
[Date "2025.04.20"]
[Round "9.25"]
[White "Estremera Panos, Sergio"]
[Black "Hernandez Guerra, Luna Yue"]
[Result "1-0"]
[Annotator "ChessBase"]
[ECO "E52"]
[WhiteElo "2195"]
[BlackElo "1897"]
[PlyCount "47"]
[EventDate "2025.04.13"]
[EventType "swiss"]
[EventCountry "ESP"]
[SourceTitle "playchess.com"]
[Source "ChessBase"]
[SourceQuality "1"]
[TimeControl "5400+30"]

1. d4 Nf6 2. Nf3 e6 3. e3 b6 4. c4 Bb7 5. Nc3 Bb4 6. Bd2 O-O 7. Bd3 d5 8. cxd5 exd5 9. O-O a6 10. Ne5 Bd6 11. f4 c5 12. Qf3 Nc6 13. Qh3 h6 14. Rf3 cxd4 15. exd4 Nxd4 16. Rg3 h5 17. Re1 Re8 18. Qh4 Ne4 19. Qxh5 Bxe5 20. fxe5 Re6 21. Rh3 Kf8 22. Bxe4 dxe4 23. Qh8+ Ke7 24. Bg5+ 1-0

[Event "17th Memorial Lezcano Montalvo 2025"]
[Site "Gran Canaria"]
[Date "2025.04.20"]
[Round "9.26"]
[White "Posso Cangrejo, Sergio David"]
[Black "Bethencourt Hernandez, Alberto"]
[Result "0-1"]
[Annotator "RC"]
[ECO "B09"]
[WhiteElo "1878"]
[BlackElo "2122"]
[PlyCount "154"]
[EventDate "2025.04.13"]
[EventType "swiss"]
[EventCountry "ESP"]
[SourceTitle "playchess.com"]
[Source "ChessBase"]
[SourceQuality "1"]
[TimeControl "5400+30"]

1. e4 g6 2. d4 Bg7 3. Nc3 d6 4. f4 Nf6 5. Nf3 O-O 6. Bd3 Na6 7. O-O c5 8. d5 Nc7 9. h3 b5 10. Nxb5 Nxb5 11. Bxb5 Nxe4 12. Bd3 Ng3 13. Re1 h5 14. Kh2 Nf5 15. c3 Rb8 16. Qc2 Nh6 17. Ng5 Bf5 18. Bxf5 Nxf5 19. g4 hxg4 20. hxg4 Nh6 21. Kg3 Qd7 22. Qe2 c4 23. Qf3 Rb5 24. a4 Ra5 25. Re2 Rb8 26. Be3 Rbb5 27. Rh1 Rxd5 28. Reh2 e5 29. Rxh6 exf4+ 30. Bxf4 Bxh6 31. Rxh6 Rd3 32. Be3 Re5 33. Ne4 f5 34. Nf6+ Kg7 35. Nxd7 Rexe3 36. Qxe3 Rxe3+ 37. Kf2 Re7 38. Nf6 Kxf6 39. gxf5 Kxf5 40. Kf3 Re1 41. Rh7 Rb1 42. Rb7 a6 43. Rb6 Ke5 44. Ke3 Ra1 45. Rxa6 Ra2 46. Rb6 Rxa4 47. Rb5+ d5 48. Rb8 Ra6 49. Re8+ Re6 50. Rb8 Kd6+ 51. Kf3 Kc7 52. Rb5 Kc6 53. Rb8 Re7 54. Rg8 Re6 55. Rb8 Kc5 56. Rc8+ Rc6 57. Rg8 Rb6 58. Rc8+ Kd6 59. Rg8 Rxb2 60. Rxg6+ Kc5 61. Rg8 Rc2 62. Rc8+ Kd6 63. Rd8+ Kc6 64. Ke3 Rxc3+ 65. Kd4 Rd3+ 66. Ke5 Kc5 67. Rb8 Re3+ 68. Kf4 Rb3 69. Rh8 Kd4 70. Rh1 Rd3 71. Ra1 Rd2 72. Kf3 Kd3 73. Ra5 d4 74. Ra3+ c3 75. Rb3 Rd1 76. Kf2 Kd2 77. Rb4 d3 0-1

[Event "17th Memorial Lezcano Montalvo 2025"]
[Site "Gran Canaria"]
[Date "2025.04.20"]
[Round "9.27"]
[White "Halldorsson, Halldor"]
[Black "Lascar, Radoslawa"]
[Result "1-0"]
[Annotator "NA"]
[ECO "B30"]
[WhiteElo "2103"]
[BlackElo "1897"]
[PlyCount "71"]
[EventDate "2025.04.13"]
[EventType "swiss"]
[EventCountry "ESP"]
[SourceTitle "playchess.com"]
[Source "ChessBase"]
[SourceQuality "1"]
[TimeControl "5400+30"]

1. e4 c5 2. Nf3 Nc6 3. Bb5 e5 4. O-O Be7 5. c3 Nf6 6. d4 cxd4 7. cxd4 exd4 8. e5 Nd5 9. Nxd4 O-O 10. Re1 Qb6 11. Re4 Bc5 12. Bc4 Bxd4 13. Bxd5 Bxf2+ 14. Kh1 Ne7 15. Nc3 Ng6 16. b3 d6 17. exd6 Bf5 18. Na4 Qa5 19. Re7 Bh4 20. Ba3 Nxe7 21. dxe7 Rfe8 22. Bxf7+ Kxf7 23. Qh5+ Kg8 24. Qxh4 b5 25. Qg5 Bg6 26. Rf1 Qc7 27. Qd5+ Kh8 28. Qxa8 Qxe7 29. Bxe7 Rxa8 30. Nc3 Kg8 31. Bc5 Rc8 32. Nd5 Kh8 33. Ne7 Bd3 34. Rf3 Rd8 35. Nc6 Re8 36. Rxd3 1-0

[Event "17th Memorial Lezcano Montalvo 2025"]
[Site "Gran Canaria"]
[Date "2025.04.20"]
[Round "9.28"]
[White "Hu, Jiani"]
[Black "Gonzalez Perdomo, Sergio"]
[Result "1/2-1/2"]
[Annotator "NA"]
[ECO "E05"]
[WhiteElo "2091"]
[BlackElo "1880"]
[PlyCount "48"]
[EventDate "2025.04.13"]
[EventType "swiss"]
[EventCountry "ESP"]
[SourceTitle "playchess.com"]
[Source "ChessBase"]
[SourceQuality "1"]
[TimeControl "5400+30"]

1. d4 Nf6 2. c4 e6 3. g3 d5 4. Bg2 Be7 5. Nf3 O-O 6. O-O dxc4 7. Qc2 b5 8. a4 b4 9. Ne5 Nd5 10. Nxc4 c5 11. e4 Nf6 12. dxc5 Ba6 13. Rd1 Nbd7 14. Nd6 Qc7 15. Bg5 Rad8 16. Nb5 Qxc5 17. Qxc5 Nxc5 18. Nd2 Rd7 19. e5 Nd5 20. Bxe7 Nxe7 21. Nd6 Nf5 22. Bc6 Rc7 23. Bb5 Bxb5 24. axb5 f6 1/2-1/2

[Event "17th Memorial Lezcano Montalvo 2025"]
[Site "Gran Canaria"]
[Date "2025.04.20"]
[Round "9.29"]
[White "Arlet, Benjamin Andres"]
[Black "Cruz Ramirez, Nauzet"]
[Result "0-1"]
[Annotator "NA"]
[ECO "B12"]
[WhiteElo "1721"]
[BlackElo "2076"]
[PlyCount "34"]
[EventDate "2025.04.13"]
[EventType "swiss"]
[EventCountry "ESP"]
[SourceTitle "playchess.com"]
[Source "ChessBase"]
[SourceQuality "1"]
[TimeControl "5400+30"]

1. e4 c6 2. d4 d5 3. e5 c5 4. dxc5 e6 5. Be3 Nd7 6. Bb5 Qc7 7. Nf3 Bxc5 8. Bxc5 Qxc5 9. Qe2 Ne7 10. O-O O-O 11. Nbd2 Ng6 12. g3 Ndxe5 13. Bd3 Nxd3 14. cxd3 Qb6 15. h4 Ne7 16. h5 Nf5 17. Nb3 Nxg3 0-1

[Event "17th Memorial Lezcano Montalvo 2025"]
[Site "Gran Canaria"]
[Date "2025.04.20"]
[Round "9.30"]
[White "Matos Espino, Carlos Silverio"]
[Black "Sosa Suarez, Carla Cristina"]
[Result "1/2-1/2"]
[Annotator "NA"]
[ECO "B15"]
[WhiteElo "1731"]
[BlackElo "2056"]
[PlyCount "85"]
[EventDate "2025.04.13"]
[EventType "swiss"]
[EventCountry "ESP"]
[SourceTitle "playchess.com"]
[Source "ChessBase"]
[SourceQuality "1"]
[TimeControl "5400+30"]

1. e4 c6 2. d4 d5 3. Nc3 dxe4 4. Nxe4 Nf6 5. Nxf6+ exf6 6. Bf4 Be6 7. Nf3 Na6 8. a3 g5 9. Be3 Nc7 10. c4 Bg7 11. Be2 g4 12. Nd2 f5 13. Nb3 b6 14. Qc2 Qe7 15. Bd3 f4 16. Bxf4 Bxc4+ 17. Kd2 Bd5 18. Rhe1 Ne6 19. Be4 Qd7 20. Bxd5 Qxd5 21. Be5 O-O-O 22. Bxg7 Nxg7 23. Rad1 Qg5+ 24. Ke2 Qb5+ 25. Qd3 Rhe8+ 26. Kd2 Qxd3+ 27. Kxd3 Ne6 28. g3 c5 29. Kc4 cxd4 30. Nxd4 Ng5 31. Rxe8 Rxe8 32. Nb5 Re2 33. Rd4 Nf3 34. Rf4 Rxf2 35. Nd6+ Kd7 36. Nxf7 Rxh2 37. Rxg4 Rxb2 38. Rg7 Ke6 39. Rxh7 Rg2 40. Nd8+ Kd6 41. Rxa7 Rxg3 42. Nf7+ Kc6 43. Nd8+ 1/2-1/2

[Event "17th Memorial Lezcano Montalvo 2025"]
[Site "Gran Canaria"]
[Date "2025.04.20"]
[Round "9.31"]
[White "Sanchez Gonzalez, Diego"]
[Black "Ludishev, Artem"]
[Result "1/2-1/2"]
[Annotator "NA"]
[ECO "B45"]
[WhiteElo "2025"]
[BlackElo "1874"]
[PlyCount "118"]
[EventDate "2025.04.13"]
[EventType "swiss"]
[EventCountry "ESP"]
[SourceTitle "playchess.com"]
[Source "ChessBase"]
[SourceQuality "1"]
[TimeControl "5400+30"]

1. e4 c5 2. Nf3 Nc6 3. d4 cxd4 4. Nxd4 Nf6 5. Nc3 e6 6. a3 Be7 7. Be2 d5 8. exd5 Nxd5 9. Nxd5 exd5 10. Be3 O-O 11. O-O Ne5 12. Nf3 Nc4 13. Bd4 Be6 14. b3 Nd6 15. Bb2 Rc8 16. Nd4 Bf6 17. Re1 Nf5 18. Nxe6 fxe6 19. Bxf6 Qxf6 20. Bd3 e5 21. Bxf5 Qxf5 22. Qxd5+ Kh8 23. c4 Qxf2+ 24. Kh1 h6 25. Rac1 Rce8 26. h3 b6 27. Rxe5 Qb2 28. Rce1 Rxe5 29. Qxe5 Qxb3 30. Qe7 Rc8 31. Re4 a5 32. Rg4 Qb2 33. Kh2 Rc5 34. Qe8+ Kh7 35. Qg6+ Kh8 36. Re4 Rc8 37. Qe6 Rf8 38. Qd6 Qf2 39. Qg6 Qf6 40. Qg3 Kh7 41. Qe3 Qd6+ 42. Kg1 Rf6 43. Rd4 Qe6 44. Re4 Qf5 45. Kh2 Qf1 46. c5 bxc5 47. Qxc5 Qf5 48. Qe3 Qd7 49. Re5 Qd6 50. Qe4+ Kh8 51. Qd5 Qxa3 52. Re8+ Rf8 53. Rxf8+ Qxf8 54. Qxa5 Qf4+ 55. Kg1 Qe3+ 56. Kh1 Qc1+ 57. Kh2 Qf4+ 58. Kg1 Qc1+ 59. Kf2 Qf4+ 1/2-1/2

[Event "17th Memorial Lezcano Montalvo 2025"]
[Site "Gran Canaria"]
[Date "2025.04.20"]
[Round "9.32"]
[White "Gonzalez Martinez, Miguel Angel"]
[Black "Sanchez Ramirez, Gustavo"]
[Result "1-0"]
[Annotator "NA"]
[ECO "C70"]
[WhiteElo "2134"]
[BlackElo "1780"]
[PlyCount "49"]
[EventDate "2025.04.13"]
[EventType "swiss"]
[EventCountry "ESP"]
[SourceTitle "playchess.com"]
[Source "ChessBase"]
[SourceQuality "1"]
[TimeControl "5400+30"]

1. e4 e5 2. Nf3 Nc6 3. Bb5 a6 4. Ba4 Bc5 5. c3 Nge7 6. Qe2 O-O 7. O-O d5 8. d3 d4 9. Nbd2 Be6 10. Rd1 f6 11. Nf1 b5 12. Bb3 Qd6 13. Ng3 Rfd8 14. Qc2 Bb6 15. Ne2 Na5 16. Bxe6+ Qxe6 17. cxd4 exd4 18. b4 Nac6 19. a3 Ng6 20. Nf4 Nxf4 21. Bxf4 Ne5 22. Bxe5 fxe5 23. Ng5 Qf6 24. Qb3+ Kf8 25. Nxh7+ 1-0

[Event "17th Memorial Lezcano Montalvo 2025"]
[Site "Gran Canaria"]
[Date "2025.04.20"]
[Round "9.36"]
[White "Martinez Correa, Rafael"]
[Black "Perez Rosales, Pedro"]
[Result "1-0"]
[Annotator "NA"]
[ECO "C41"]
[WhiteElo "1719"]
[BlackElo "1942"]
[PlyCount "27"]
[EventDate "2025.04.13"]
[EventType "swiss"]
[EventCountry "ESP"]
[SourceTitle "playchess.com"]
[Source "ChessBase"]
[SourceQuality "1"]
[TimeControl "5400+30"]

1. e4 d6 2. d4 Nf6 3. Nc3 e5 4. Nf3 Nbd7 5. g4 g6 6. h3 Bg7 7. Be3 c6 8. Qd2 Qa5 9. Bd3 h5 10. g5 Nh7 11. dxe5 dxe5 12. O-O-O Nhf8 13. Bc4 Nc5 14. Bxc5 1-0

[Event "17th Memorial Lezcano Montalvo 2025"]
[Site "Gran Canaria"]
[Date "2025.04.20"]
[Round "9.37"]
[White "Garcia Rodriguez, Adriana"]
[Black "Guerra Aleman, Marcial"]
[Result "1-0"]
[Annotator "NA"]
[ECO "B07"]
[WhiteElo "1893"]
[BlackElo "1766"]
[PlyCount "87"]
[EventDate "2025.04.13"]
[EventType "swiss"]
[EventCountry "ESP"]
[SourceTitle "playchess.com"]
[Source "ChessBase"]
[SourceQuality "1"]
[TimeControl "5400+30"]

1. e4 d6 2. d4 Nf6 3. Nc3 g6 4. Be3 Ng4 5. Bg5 h6 6. Bh4 Bg7 7. Qd2 g5 8. Bg3 e5 9. d5 f5 10. f3 f4 11. Bf2 Nxf2 12. Qxf2 h5 13. g3 Qf6 14. Nge2 Nd7 15. Nb5 Qd8 16. Rg1 a6 17. Nbc3 Bf6 18. O-O-O Nb6 19. gxf4 exf4 20. h4 g4 21. fxg4 Bxh4 22. Qd4 Bf6 23. Qd3 hxg4 24. Kb1 Be5 25. Nd4 Qf6 26. Nf5 g3 27. Be2 Bxf5 28. exf5 O-O-O 29. Ne4 Qg7 30. Rdf1 Nd7 31. f6 Nxf6 32. Nxf6 g2 33. Bg4+ Kb8 34. Rxg2 Qxf6 35. Be2 Rdg8 36. Rgf2 Rh4 37. Qb3 Ka8 38. Rf3 Rgh8 39. Qa3 Ka7 40. Qa5 Qg7 41. Bxa6 bxa6 42. Ra3 c5 43. Qxa6+ Kb8 44. Rb3+ 1-0

[Event "17th Memorial Lezcano Montalvo 2025"]
[Site "Gran Canaria"]
[Date "2025.04.20"]
[Round "9.38"]
[White "Julien Casteleiro, Ariel"]
[Black "Quintero Hernandez, Marcos Jesus"]
[Result "1/2-1/2"]
[Annotator "NA"]
[ECO "B13"]
[WhiteElo "1761"]
[BlackElo "1874"]
[PlyCount "142"]
[EventDate "2025.04.13"]
[EventType "swiss"]
[EventCountry "ESP"]
[SourceTitle "playchess.com"]
[Source "ChessBase"]
[SourceQuality "1"]
[TimeControl "5400+30"]

1. d4 d5 2. Bf4 c5 3. e3 cxd4 4. exd4 Qb6 5. Nc3 Nf6 6. Rb1 Bd7 7. Nf3 g6 8. h3 Bg7 9. Be2 O-O 10. O-O Nc6 11. Nb5 a6 12. Bc7 Qxc7 13. Nxc7 Rac8 14. Nxa6 bxa6 15. Bxa6 Ra8 16. Bb7 Rxa2 17. Bxc6 Bxc6 18. Ne5 Bb5 19. Re1 Rc8 20. c3 Raa8 21. Qf3 e6 22. Ra1 Rab8 23. Ra7 Be8 24. Re2 Rb6 25. b4 Rbb8 26. Rea2 Rd8 27. Rc7 Rdc8 28. Raa7 Rxc7 29. Rxc7 Ra8 30. Qd1 Ne4 31. f3 Nd6 32. Qb1 Bf6 33. Nc6 Bxc6 34. Rxc6 Nc4 35. b5 Ra7 36. Ra6 Rb7 37. b6 Kg7 38. Qb5 Bd8 39. Qc6 Rxb6 40. Rxb6 Bxb6 41. Kf1 Ba5 42. Ke2 Bxc3 43. Kd3 Be1 44. Qc7 Bh4 45. Qb8 Bf6 46. f4 h6 47. g3 Be7 48. Qc7 Bd6 49. Qd8 Ba3 50. g4 Bc1 51. f5 gxf5 52. gxf5 Bg5 53. Qd7 Kf6 54. fxe6 fxe6 55. h4 Be3 56. Qd8+ Kf7 57. h5 Bg5 58. Qh8 Nb2+ 59. Kc2 Nc4 60. Qh7+ Kf6 61. Qg6+ Ke7 62. Qg7+ Kd6 63. Kd3 Nb2+ 64. Ke2 Nc4 65. Kf3 Nd2+ 66. Kg4 Ne4 67. Qf8+ Kd7 68. Qb8 Nf6+ 69. Kf3 Ne4 70. Qb7+ Kd6 71. Ke2 Nc3+ 1/2-1/2

[Event "17th Memorial Lezcano Montalvo 2025"]
[Site "Gran Canaria"]
[Date "2025.04.20"]
[Round "9.39"]
[White "Fernandez De La Hoz A., Carlos"]
[Black "Pace, Gabriele"]
[Result "0-1"]
[Annotator "NA"]
[ECO "C01"]
[WhiteElo "1687"]
[BlackElo "1895"]
[PlyCount "64"]
[EventDate "2025.04.13"]
[EventType "swiss"]
[EventCountry "ESP"]
[SourceTitle "playchess.com"]
[Source "ChessBase"]
[SourceQuality "1"]
[TimeControl "5400+30"]

1. e4 e6 2. d4 b6 3. Be3 Bb7 4. Nd2 d5 5. e5 c5 6. c3 Nc6 7. Bd3 g6 8. Rc1 cxd4 9. cxd4 Nge7 10. Bg5 Bg7 11. Bb5 Qd7 12. Bxe7 Kxe7 13. Qa4 Rhc8 14. Qa3+ Ke8 15. Ne2 a6 16. Ba4 b5 17. Bc2 a5 18. O-O b4 19. Qe3 a4 20. Bd3 Ba6 21. Bxa6 Rxa6 22. Qh3 h6 23. Nf3 Na5 24. Nd2 Rac6 25. Qd3 Qb7 26. f4 Bf8 27. a3 b3 28. Nc3 Nc4 29. Rb1 Nxb2 30. Rxb2 Rxc3 31. Qe2 Rc2 32. Rfb1 Bxa3 0-1

[Event "17th Memorial Lezcano Montalvo 2025"]
[Site "Gran Canaria"]
[Date "2025.04.20"]
[Round "9.40"]
[White "Schmitz, Manuela"]
[Black "Murashkin, Roman G"]
[Result "1-0"]
[Annotator "ChessBase"]
[ECO "D37"]
[WhiteElo "1815"]
[BlackElo "2129"]
[PlyCount "121"]
[EventDate "2025.04.13"]
[EventType "swiss"]
[EventCountry "ESP"]
[SourceTitle "playchess.com"]
[Source "ChessBase"]
[SourceQuality "1"]
[TimeControl "5400+30"]

1. d4 d5 2. Nf3 e6 3. c4 a6 4. cxd5 exd5 5. Nc3 Nf6 6. Bg5 c6 7. Qc2 Be6 8. e3 Nbd7 9. Rc1 h6 10. Bh4 Be7 11. Bd3 Rc8 12. O-O O-O 13. Bf5 Re8 14. h3 Nf8 15. Ne5 N6d7 16. Bxe7 Qxe7 17. Nxd7 Nxd7 18. Bd3 Qg5 19. f4 Qf6 20. f5 Qg5 21. Qf2 Qe7 22. fxe6 Qxe6 23. Bf5 Qe7 24. Bxd7 Qxd7 25. Rce1 b5 26. Qf5 Qa7 27. Rf3 a5 28. Ref1 Rc7 29. Kh1 a4 30. Rg3 Kh8 31. Qg4 Rg8 32. Ne2 Re7 33. Qf5 Qb8 34. Rff3 Qd6 35. Nf4 g6 36. Qd3 Re4 37. Qf1 Rg7 38. Nd3 Re7 39. Ne5 Qc7 40. Rf6 Kg8 41. Rxc6 Qb7 42. Rc5 b4 43. Qb5 a3 44. b3 g5 45. Rxd5 f6 46. Qxb7 Rxb7 47. Nd3 Rb6 48. Rf3 Rgb7 49. Nc5 Rc7 50. Rd8+ Kg7 51. Rd7+ Rxd7 52. Nxd7 Rc6 53. Nc5 Kg6 54. g4 h5 55. Kg2 h4 56. Rf5 Kf7 57. Kf3 Ke7 58. e4 Rd6 59. Ke3 Rb6 60. e5 fxe5 61. Rxe5+ 1-0

[Event "17th Memorial Lezcano Montalvo 2025"]
[Site "Gran Canaria"]
[Date "2025.04.20"]
[Round "9.44"]
[White "Santos Falcon, Jose"]
[Black "Camino Carrio, Nicanor"]
[Result "0-1"]
[Annotator "NA"]
[ECO "A24"]
[WhiteElo "1689"]
[BlackElo "2045"]
[PlyCount "96"]
[EventDate "2025.04.13"]
[EventType "swiss"]
[EventCountry "ESP"]
[SourceTitle "playchess.com"]
[Source "ChessBase"]
[SourceQuality "1"]
[TimeControl "5400+30"]

1. c4 e5 2. Nc3 Nf6 3. g3 g6 4. Bg2 Bg7 5. d3 O-O 6. Nf3 Re8 7. Bg5 h6 8. Bd2 c6 9. e4 d5 10. cxd5 cxd5 11. O-O Nc6 12. Re1 Nb4 13. Bc1 Bg4 14. h3 dxe4 15. hxg4 exf3 16. Bxf3 Nxd3 17. Re3 Nxc1 18. Rxc1 Qb6 19. b3 Rad8 20. Qe1 Qe6 21. Ne4 Nxg4 22. Nc5 Qf5 23. Bxg4 Qxg4 24. Nxb7 Rd4 25. Qe2 Qd7 26. Nc5 Qd5 27. Nd3 e4 28. Nf4 Qd6 29. Rd3 Rxd3 30. Nxd3 e3 31. Kg2 Rd8 32. Rd1 exf2 33. Qxf2 h5 34. b4 Qc6+ 35. Kh2 Re8 36. Rf1 Qc4 37. Qf3 h4 38. g4 Re4 39. Kh3 Bh6 40. Re1 Rxe1 41. Nxe1 Qxb4 42. Nd3 Qe7 43. Nf2 Be3 44. Ne4 Bd4 45. g5 Qe6+ 46. Kxh4 Qxa2 47. Nf6+ Bxf6 48. gxf6 Qh2+ 0-1

[Event "17th Memorial Lezcano Montalvo 2025"]
[Site "Gran Canaria"]
[Date "2025.04.20"]
[Round "9.45"]
[White "Ramirez Maillo, Juan Adonay"]
[Black "Macias Reyes, Jose Luis"]
[Result "1-0"]
[Annotator "NA"]
[ECO "B12"]
[WhiteElo "1956"]
[BlackElo "1674"]
[PlyCount "64"]
[EventDate "2025.04.13"]
[EventType "swiss"]
[EventCountry "ESP"]
[SourceTitle "playchess.com"]
[Source "ChessBase"]
[SourceQuality "1"]
[TimeControl "5400+30"]

1. e4 c6 2. d4 d5 3. e5 c5 4. dxc5 e6 5. c3 Bxc5 6. Qg4 Ne7 7. b4 Bb6 8. Qxg7 Rg8 9. Qxh7 a5 10. Nf3 Qc7 11. b5 Nd7 12. Bf4 Nf8 13. Qh5 Nfg6 14. Bd2 Bd7 15. Bd3 O-O-O 16. a4 Kb8 17. O-O Rdf8 18. Qg5 Bc8 19. h4 Nf5 20. Bxf5 exf5 21. Qf6 Qc4 22. Qxb6 Nxh4 23. Qd6+ Ka8 24. Nxh4 Qxh4 25. Qxd5 Rh8 26. f4 Rfg8 27. b6 Be6 28. Qxa5+ Kb8 29. Qc5 Qh2+ 30. Kf2 Rxg2+ 31. Ke1 Qh5 32. Qe3 Rgg8 1-0

[Event "17th Memorial Lezcano Montalvo 2025"]
[Site "Gran Canaria"]
[Date "2025.04.20"]
[Round "9.46"]
[White "Henriquez Garcia, David"]
[Black "Cabrera Martel, Isaac"]
[Result "1-0"]
[Annotator "NA"]
[ECO "C56"]
[WhiteElo "1869"]
[BlackElo "1655"]
[PlyCount "43"]
[EventDate "2025.04.13"]
[EventType "swiss"]
[EventCountry "ESP"]
[SourceTitle "playchess.com"]
[Source "ChessBase"]
[SourceQuality "1"]
[TimeControl "5400+30"]

1. e4 e5 2. Nf3 Nc6 3. d4 exd4 4. Bc4 Nf6 5. O-O Nxe4 6. Re1 d5 7. Bxd5 Qxd5 8. Nc3 Qh5 9. Nxe4 Be6 10. Bg5 Be7 11. Ng3 Qg6 12. Bxe7 Nxe7 13. Qxd4 Nc6 14. Qc5 O-O-O 15. c4 h5 16. h4 Bg4 17. Ne5 Nxe5 18. Rxe5 Qd6 19. Qxd6 Rxd6 20. f3 Re6 21. Rg5 Re3 22. Kf2 1-0

[Event "17th Memorial Lezcano Montalvo 2025"]
[Site "Gran Canaria"]
[Date "2025.04.20"]
[Round "9.47"]
[White "Oramas Medina, Miguel"]
[Black "Morell Rojas, Samuel"]
[Result "1-0"]
[Annotator "NA"]
[ECO "B15"]
[WhiteElo "1796"]
[BlackElo "1652"]
[PlyCount "88"]
[EventDate "2025.04.13"]
[EventType "swiss"]
[EventCountry "ESP"]
[SourceTitle "playchess.com"]
[Source "ChessBase"]
[SourceQuality "1"]
[TimeControl "5400+30"]

1. e4 c6 2. d4 d5 3. Nc3 dxe4 4. Nxe4 Nf6 5. Nxf6+ exf6 6. c3 Bd6 7. Bd3 O-O 8. Qc2 Re8+ 9. Ne2 h5 10. Be3 Na6 11. O-O-O Nc7 12. c4 Be6 13. Kb1 b5 14. c5 Bf8 15. Nf4 Bg4 16. Be2 Nd5 17. Nxd5 Qxd5 18. Bxg4 hxg4 19. g3 Qe4 20. h3 Qxc2+ 21. Kxc2 f5 22. hxg4 fxg4 23. d5 cxd5 24. Rxd5 f6 25. Rhd1 Rac8 26. b4 Re7 27. R1d4 Rec7 28. Rxg4 a5 29. a3 axb4 30. axb4 Ra8 31. Bd4 Kf7 32. Bb2 g5 33. Rf5 Bg7 34. Rd4 Re7 35. f3 Kg6 36. g4 Re2+ 37. Rd2 Re3 38. Rd3 Re2+ 39. Kb3 Rh8 40. Rfd5 Rhh2 41. Bc3 f5 42. gxf5+ Kh6 43. Rd7 Kh7 44. Bb2 Rxb2+ 1-0

[Event "17th Memorial Lezcano Montalvo 2025"]
[Site "Gran Canaria"]
[Date "2025.04.20"]
[Round "9.48"]
[White "Hernandez De Armas, Leonardo"]
[Black "Perez Betancor, Jose Luis"]
[Result "0-1"]
[Annotator "NA"]
[ECO "C92"]
[WhiteElo "1645"]
[BlackElo "1782"]
[PlyCount "76"]
[EventDate "2025.04.13"]
[EventType "swiss"]
[EventCountry "ESP"]
[SourceTitle "playchess.com"]
[Source "ChessBase"]
[SourceQuality "1"]
[TimeControl "5400+30"]

1. e4 e5 2. Nf3 Nc6 3. Bb5 a6 4. Ba4 Nf6 5. O-O d6 6. Re1 Be7 7. c3 O-O 8. h3 b5 9. Bb3 Nb8 10. d4 Nbd7 11. Nbd2 Bb7 12. d5 Re8 13. Nf1 Bf8 14. Ng3 g6 15. Nh2 Nc5 16. Bc2 c6 17. Bg5 h6 18. Bxf6 Qxf6 19. Qd2 Rad8 20. Rf1 cxd5 21. exd5 Qg7 22. f4 f5 23. Nxf5 gxf5 24. Bxf5 Qf7 25. Be6 Nxe6 26. dxe6 Qxe6 27. fxe5 dxe5 28. Qf2 Bg7 29. Ng4 Rf8 30. Qg3 Kh8 31. Rae1 e4 32. Qe3 Ba8 33. Rf4 Rxf4 34. Qxf4 Rf8 35. Qe3 b4 36. Nf2 bxc3 37. bxc3 Re8 38. a4 Qc6 0-1

[Event "17th Memorial Lezcano Montalvo 2025"]
[Site "Gran Canaria"]
[Date "2025.04.20"]
[Round "9.51"]
[White "Creo Abeijon, Diego"]
[Black "Garcia Almeida, Valeria"]
[Result "1/2-1/2"]
[Annotator "NA RC"]
[ECO "B78"]
[WhiteElo "1729"]
[BlackElo "1582"]
[PlyCount "108"]
[EventDate "2025.04.13"]
[EventType "swiss"]
[EventCountry "ESP"]
[SourceTitle "playchess.com"]
[Source "ChessBase"]
[SourceQuality "1"]
[TimeControl "5400+30"]

1. e4 c5 2. Nf3 Nc6 3. d4 cxd4 4. Nxd4 g6 5. Be3 Nf6 6. Nc3 Bg7 7. f3 O-O 8. Bc4 d6 9. Qd2 Bd7 10. O-O-O Nxd4 11. Bxd4 Qc7 12. Bb3 Rfc8 13. g4 b5 14. h4 b4 15. Nd5 Nxd5 16. Bxg7 Kxg7 17. Bxd5 Bc6 18. h5 Bxd5 19. hxg6 fxg6 20. Qh6+ Kf7 21. Qxh7+ Ke8 22. Qxg6+ Bf7 23. Rh8+ Kd7 24. Qf5+ Be6 25. Qb5+ Qc6 26. Qxc6+ Kxc6 27. Rh6 Bc4 28. Rd2 Rh8 29. g5 Rxh6 30. gxh6 Rh8 31. Rh2 Kd7 32. Kd2 Ke6 33. b3 Bb5 34. Ke3 Kf6 35. Rh5 Bd7 36. Ra5 Ra8 37. Ra6 Bb5 38. Ra5 a6 39. a4 Bd7 40. f4 Kg6 41. e5 Bf5 42. exd6 exd6 43. h7 Bxc2 44. h8=Q Rxh8 45. Rxa6 Rh3+ 46. Kd2 Bxb3 47. Rxd6+ Kf5 48. a5 Rh1 49. Rb6 Rd1+ 50. Ke3 Re1+ 51. Kd2 Rd1+ 52. Ke2 Ra1 53. Rb5+ Kxf4 54. Rxb4+ Ke5 1/2-1/2